 Dungeon Crawl Stone Soup version 0.29-a0-322-g68df515428 (webtiles) character file.

Game seed: 17731401915342328480

27 GigaChad the Bolt Thrower (level 2, -2/22 HPs)
             Began as a Minotaur Hunter on Apr 6, 2022.
             Was a Follower of Hepliaklqana.
             Slain by an iguana (4 damage)
             ... on level 3 of the Dungeon.
             The game lasted 00:06:21 (1631 turns).

GigaChad the Bolt Thrower (Minotaur Hunter)         Turns: 1631, Time: 00:06:22

Health: -2/22      AC:  5    Str: 15    XL:     2   Next: 93%
Magic:  1/1        EV: 12    Int:  6    God:    Hepliaklqana [*.....]
Gold:   67         SH:  0    Dex: 13    Spells: 1/1 levels left

rFire   . . .      SeeInvis .   m - +2 dagger (elec)
rCold   . . .      Faith    +   (no shield)
rNeg    . . .      Spirit   .   b - +1 leather armour
rPois   .          Reflect  .   f - +1 hat
rElec   .          Harm     .   (no cloak)
rCorr   .          Rampage  .   (no gloves)
Will    .....                   (no boots)
Stlth   +.........              k - amulet of faith
HPRegen 0.07/turn               (no ring)
MPRegen 0.07/turn               (no ring)

@: no status effects
A: reduced essence, horns 2, retaliatory headbutt
a: Renounce Religion, Recall Ancestor, Ancestor Identity


You were on level 3 of the Dungeon.
You worshipped Hepliaklqana.
Hepliaklqana was aware of your devotion.
You visited 1 branch of the dungeon, and saw 3 of its levels.

You collected 67 gold pieces.

Inventory:

Hand Weapons
 a - a +1 hand crossbow
 m - a +2 dagger of electrocution (weapon)
 n - a +0 hand crossbow
Armour
 b - a +1 leather armour (worn)
 f - a +1 hat (worn)
Jewellery
 k - an amulet of faith (around neck)
Wands
 i - a wand of iceblast (9)
 o - a wand of digging (5)
Scrolls
 c - a scroll of immolation
 e - 2 scrolls of vulnerability
 h - 2 scrolls of identify
 j - a scroll of enchant armour
Potions
 d - a potion of haste {unknown}
 g - a potion of might {unknown}
 l - a potion of magic {unknown}


   Skills:
 + Level 2.6 Fighting
 + Level 5.2 Crossbows
 + Level 0.8 Armour
 + Level 2.2 Dodging
 + Level 0.7 Stealth


You had one spell level left.
You didn't know any spells.
Your spell library contained the following spells:

 Spells                   Type           Power      Damage    Failure   Level
 Call Canine Familiar     Summ           0%         N/A       88%         3
 Portal Projectile        Hex/Tloc       0%         N/A       88%         3
 Leda's Liquefaction      Hex/Erth       0%         N/A       99%         4


Dungeon Overview and Level Annotations

Branches:
Dungeon (3/15)

Altars:
Hepliaklqana


Innate Abilities, Weirdness & Mutations

Your life essence is reduced to manifest your ancestor. (-10% HP)
You have a pair of horns on your head.
You reflexively headbutt those who attack you in melee.


Message History

An adder comes into view.
Found a stone staircase leading down.
You shoot a bolt.
The bolt hits the adder but does no damage.
The adder hisses angrily.
The adder bites you. The adder closely misses you.
You shoot a bolt. The bolt closely misses the adder.
The adder bites you.
You are poisoned.
The adder poisons you! The adder bites you but does no damage.
You shoot a bolt. The bolt closely misses the adder.
You feel sick. The adder bites you but does no damage.
You shoot a bolt. The bolt hits the adder.
The adder is lightly wounded.
You feel sick. The adder completely misses you. The adder bites you.
You shoot a bolt. The bolt hits the adder!
The adder is severely wounded.
You feel sick.
You are no longer poisoned.
The adder bites you. The adder barely misses you. You furiously retaliate!
You headbutt the adder!
You kill the adder!
Found 10 gold pieces.
Found a stone staircase leading up.
Found a war axe.
Found 2 gold pieces.
There is a stone staircase leading down here.
An iguana comes into view.
Found a fuming inky potion.
The iguana hisses angrily.
You now have 67 gold pieces (gained 10).
You see here a +0 war axe.
You are too injured to fight recklessly!
You hear the crackle of electricity.
m - a +2 dagger of electrocution (weapon)
You hit the iguana but do no damage. The iguana bites you!
* * * LOW HITPOINT WARNING * * *
Nolwazi closely misses the iguana.
You hit the iguana.
The iguana is lightly wounded.
The iguana bites you.
You die...

#........#
#...#.#.#########
##########.#.....#>
...
......#...####....
#...$.........l...
.......>.........!
...........###....
##...<.....###....
........l.).......
##......@R.######.
...##.#+#### ......
#. ...


You could see the friendly Nolwazi the ancestor and an iguana (ally target).

Vanquished Creatures
  An adder (D:3)
  A dart slug (D:1)
  A bat (D:2)
  An endoplasm (D:3)
  A giant cockroach (D:2)
  A hobgoblin (D:3)
  A quokka (D:2)
  2 ball pythons (D:2)
  5 kobolds
  4 rats
18 creatures vanquished.

Notes
Turn   | Place    | Note
-------+----------+-------------------------------------------
     0 | D:1      | GigaChad the Minotaur Hunter began the quest for the Orb.
     0 | D:1      | Reached XP level 1. HP: 18/18 MP: 0/0
   220 | D:1      | You fall into a shaft and drop 1 floor!
   427 | D:2      | Reached XP level 2. HP: 25/25 MP: 1/1
  1351 | D:3      | Found a faded altar of an unknown god.
  1364 | D:3      | Prayed at the altar of an unknown god.
  1364 | D:3      | Became a worshipper of Hepliaklqana the Forgotten
  1364 | D:3      | Reached * piety under Hepliaklqana
  1429 | D:3      | Reached skill level 5 in Crossbows
  1631 | D:3      | Slain by an iguana

Illustrated notes

Levels and vault maps discovered:
D:1:      dpeg_arrival_refuge, layout_basic
D:2:      layout_basic, lightli_corner_chamber
D:3:      layout_basic, ebering_ecumenical_altar_ruins

Skill      XL: |  1  2 |
---------------+-------+-----
Crossbows      | 5 |  5.2
Fighting       | |  2.6
Armour         | |  0.8
Dodging        | |  2.2
Stealth        | |  0.7

Action                   || total
-------------------------++-------
Melee: Dagger            ||     2
 Fire: Hand crossbow     ||    34
  Use: Scroll            ||     3
Armor: Leather armour    ||     4
Dodge: Dodged            ||    12

Table legend: (Time is in decaauts)
 A = Elapsed time spent in this place.
 B = Non-inter-level travel time spent in this place.
 C = Inter-level travel time spent in this place.
 D = Time resting spent in this place.
 E = Time spent auto-exploring this place.
 F = Levels seen in this place.
 G = Mean time per level.
                   A        B        C        D        E       F      G
               +--------+--------+--------+--------+--------+-----+--------+
         Total |   1640 |   1640 |      0 |      0 |    668 |   3 |  546.7 |
       Dungeon |   1640 |   1640 |      0 |      0 |    668 |   3 |  546.7 |
               +--------+--------+--------+--------+--------+-----+--------+

Top non-repeatable levels by time:
     D:2: 1079 daAuts
     D:3: 339 daAuts
     D:1: 221 daAuts
